 Dungeon Crawl Stone Soup version 0.19-a0-1365-gb34f4cb (webtiles) character file.

140 kroki the Conjurer (level 5, -5/38 HPs)
             Began as a Draconian Conjurer on Sept 2, 2016.
             Slain by an ogre
             ... wielding a +0 giant club
              (13 damage)
             ... on level 4 of the Dungeon.
             The game lasted 00:07:39 (3624 turns).

kroki the Conjurer (Draconian Conjurer)             Turns: 3624, Time: 00:07:40

Health: -5/38      AC:  7    Str: 10    XL:     5   Next: 2%
Magic:  1/10       EV: 12    Int: 16    God:
Gold:   123        SH:  0    Dex: 12    Spells: 4 memorised, 0 levels left

rFire  . . .     SeeInvis .     i - +1 flail
rCold  . . .     Gourm    .     (armour unavailable)
rNeg   . . .     Faith    .     (no shield)
rPois  .         Spirit   .     (helmet restricted)
rElec  .         Dismiss  .     (no cloak)
rCorr  .         Reflect  .     j - +1 pair of gloves
MR     .....     Harm     .     (no boots)
Stlth  ++........               (no amulet)
                                (no ring)
                                (no ring)

@: no status effects
A: unfitting armour, cold-blooded, AC +5
a: no special abilities


You were on level 4 of the Dungeon.
You were hungry.

You visited 1 branch of the dungeon, and saw 4 of its levels.

You collected 123 gold pieces.

Inventory:

Hand Weapons
 i - a +1 flail (weapon)
   (You took it off a gnoll on level 1 of the Dungeon)
Armour
 e - a +0 pair of boots
   (You found it on level 4 of the Dungeon)
 j - a +1 pair of gloves (worn)
   (You found it on level 1 of the Dungeon)
Scrolls
 d - a scroll of teleportation
 g - 2 scrolls of identify
 k - 4 scrolls of enchant weapon
Potions
 c - 2 potions of haste {unknown}
 h - a potion of mutation {unknown}
 m - 2 potions of curing
 n - a potion of invisibility {unknown}
 p - 2 potions of flight {unknown}
Books
 a - a book of Conjurations
Comestibles
 b - 2 bread rations {@e1}
 f - 3 fruits
 l - a royal jelly


   Skills:
 - Level 1.7 Dodging
 - Level 1.7 Stealth
 - Level 3.5 Spellcasting
 - Level 5.4 Conjurations
 + Level 0.0 Charms


You couldn't memorise any spells.
You knew the following spells:

 Your Spells              Type           Power        Failure   Level  Hunger
a - Magic Dart            Conj           ###.         1%          1    None
b - Searing Ray           Conj           ###...       3%          2    ##.....
c - Dazzling Spray        Conj/Hex       ##....       17%         3    ###....
z - Iskenderun's Battles  Conj/Chrm      ##......     98%         5    ######.


Dungeon Overview and Level Annotations

Branches:
Dungeon (4/15)
 Temple: D:4-7

Altars:


Innate Abilities, Weirdness & Mutations

Your plain brown scales are hard. (AC +5)
Your body does not fit into most forms of armour.
You are cold-blooded and may be slowed by cold attacks.


Message History

Health restored: 33 You hit the giant frog skeleton.
You tail-slap the giant frog skeleton. The giant frog skeleton hits you.
You take 2 damage, and have 31/33 hp.
The giant frog skeleton hits you.
You take 3 damage, and have 28/33 hp.
You hit the giant frog skeleton but do no damage.
The giant frog skeleton closely misses you.
The giant frog skeleton barely misses you.
Health restored: 33 You're too confused to cast spells.
You barely miss the giant frog skeleton.
You tail-slap the giant frog skeleton.
You feel less invigorated.
You feel less confused.
The giant frog skeleton closely misses you.
You barely miss the giant frog skeleton.
You tail-slap the giant frog skeleton. The giant frog skeleton hits you.
The giant frog skeleton hits you but does no damage.
You take 4 damage, and have 29/33 hp.
You thump the giant frog skeleton!
The giant frog skeleton closely misses you.
The giant frog skeleton hits you.
You take 4 damage, and have 25/33 hp.
Aim: a giant frog skeleton (severely damaged)
The searing ray hits the giant frog skeleton.
The giant frog skeleton misses you.
You now have 6/8 mp.
A giant frog skeleton is nearby!
The searing ray hits the giant frog skeleton.
You destroy the giant frog skeleton!
You have reached level 5!
You regained 4 hp, and now have 30/38 hp.
You now have 5/10 mp.
Found a stone staircase leading down.
Health restored: 38; MP restored: 10
There is a stone staircase leading down here.
e - a pair of boots Unknown command.
This spell is very dangerous to cast!
Memorise Iskenderun's Battlesphere, consuming 5 spell levels and leaving 0?
You start memorising the spell.
You continue memorising. x5
You finish memorising.
Spell assigned to 'z'.
A ball python comes into view.
The ball python hisses angrily.
A ball python is nearby!
Aim: a ball python The magic dart hits the ball python.
You kill the ball python!
You now have 9/10 mp.
You can't see any susceptible monsters within range! (Use Z to cast anyway.)
You can't see any susceptible monsters within range! (Use Z to cast anyway.) All of the chunks of flesh in your inventory have rotted away.
Found a stone staircase leading down.
MP restored: 10 The ogre shouts!
The ogre is too close now for your liking.
An ogre is nearby!
Aim: an ogre, wielding a giant club The magic dart hits the ogre.
You now have 9/10 mp.
Aim: an ogre, wielding a giant club (lightly wounded)
The magic dart hits the ogre.
You now have 8/10 mp.
Aim: an ogre, wielding a giant club (lightly wounded)
The spray of energy hits the ogre.
The ogre is dazzled.
You now have 5/10 mp.
Aim: an ogre, wielding a giant club (moderately wounded, blind)
The searing ray hits the ogre.
The ogre closely misses you.
You now have 3/10 mp.
You catch the helpless ogre completely off-guard!
You hit the ogre. The ogre barely misses you. The ogre closely misses you.
Aim: an ogre, wielding a giant club (heavily wounded, blind)
The magic dart hits the ogre.
You now have 2/10 mp.
Aim: an ogre, wielding a giant club (severely wounded, blind)
The magic dart hits the ogre.
The ogre closely misses you.
Unknown command.
Aim: an ogre, wielding a giant club (severely wounded, blind)
The magic dart hits the ogre.
The ogre hits you with a giant club!!
Ouch! That really hurt!
You take 20 damage, and have 18/38 hp.
MASSIVE DAMAGE!!
You now have 1/10 mp.
The ogre is no longer blind.
Aim: an ogre, wielding a giant club (severely wounded)
The spray of energy hits the ogre.
You are feeling hungry.
You now have 0/10 mp.
The ogre hits you but does no damage.
Aim: an ogre, wielding a giant club (almost dead)
The spray of energy hits the ogre.
The ogre is dazzled.
You now have 0/10 mp.
You barely miss the ogre. The ogre hits you with a giant club!
* * * LOW HITPOINT WARNING * * *
You take 16 damage, and have 7/38 hp.
MASSIVE DAMAGE!!
The ogre is no longer blind.
The ogre hits you with a giant club!
You die...

...........###.............
..........## ##............
......>.### #............
......### #............
..... ##..)........ ...#
######## ##.......... ..
###......## ##......##. .
##.........# #########.
#......@...# ##
#.......O..# # ...........#
# ...........## ##
......>.....# ##.
............# #..
............# #####..
............######......
...........##.......###


You could see an ogre.

Vanquished Creatures
  A giant frog skeleton (D:4)
  An adder (D:3)
  A gnoll (D:1)
  3 worms
  3 dart slugs
  3 giant geckos
  2 orcs (D:3)
  A ball python (D:4)
  5 giant cockroaches
  8 goblins
  6 hobgoblins
  8 jackals
  10 kobolds
  A quokka (D:3)
  6 bats
  4 giant newts
  7 rats
70 creatures vanquished.

Notes
Turn   | Place    | Note
-------+----------+-------------------------------------------
     0 | D:1      | kroki the Draconian Conjurer began the quest for the Orb.
     0 | D:1      | Reached XP level 1. HP: 14/14 MP: 3/3
   374 | D:1      | Reached XP level 2. HP: 20/20 MP: 3/5
   691 | D:1      | Learned a level 2 spell: Searing Ray
   759 | D:1      | Reached skill level 5 in Conjurations
   759 | D:1      | Reached XP level 3. HP: 25/26 MP: 2/6
  1453 | D:1      | Learned a level 3 spell: Dazzling Spray
  2146 | D:2      | Reached XP level 4. HP: 33/33 MP: 0/7
  3193 | D:3      | Reached skill level 3 in Spellcasting
  3340 | D:4      | Noticed an ogre
  3367 | D:4      | Noticed an ogre
  3391 | D:4      | Reached XP level 5. HP: 29/38 MP: 6/10
  3513 | D:4      | Learned a level 5 spell: Iskenderun's Battlesphere
  3620 | D:4      | HP: 7/38 [ogre/giant club (16)]
  3624 | D:4      | Slain by an ogre

Vault maps used:
D:1:      mainiacjoe_arrival_reflecting_pool

Skill      XL: |  1  2  3  4 |
---------------+-------------+-----
Conjurations   | 5 |  5.4
Spellcasting   | 3 |  3.5
Dodging        | |  1.7
Stealth        | |  1.7

Action                   |  1- 3 |  4- 6 || total
-------------------------+-------+-------++-------
Melee: Flail             |    24 |    20 ||    44
       Tailslap          |     1 |     6 ||     7
 Cast: Magic Dart        |    78 |    56 ||   134
       Searing Ray       |     1 |     2 ||     3
       Dazzling Spray    |       |     5 ||     5
  Use: Scroll            |     4 |     4 ||     8
       Potion            |       |     1 ||     1
 Stab: Sleeping          |       |     1 ||     1
       Invisible         |       |     1 ||     1
  Eat: Chunk             |     5 |       ||     5
       Meat ration       |       |     1 ||     1
Armor: Skin              |    45 |    13 ||    58
Dodge: Dodged            |    74 |    23 ||    97

Vault maps used:
D:1:      mainiacjoe_arrival_reflecting_pool

Table legend:
 A = Turns spent in this place as a percentage of turns spent in the entire game.
 B = Non-inter-level travel turns spent in this place as a percentage of non-inter-level travel turns spent in the entire game.
 C = Inter-level travel turns spent in this place as a percentage of turns spent in this place.
 D = Turns resting spent in this place as a percentage of non-inter-level travel turns spent in this place.
 E = Turns spent auto-exploring this place as a percentage of non-inter-level travel turns spent in this place.
 F = Non-inter-level travel turns spent in this place divided by the number of levels of this place that you've seen.
                   A       B       C       D       E      F
               +-------+-------+-------+-------+-------+----------------------
         Total | 100.0 | 100.0 |   0.7 |   0.0 |  10.6 | 236.0
       Dungeon | 100.0 | 100.0 |   0.7 |   0.0 |  10.6 | 236.0
               +-------+-------+-------+-------+-------+----------------------

Table legend:
 A = Kills in this place as a percentage of kills in entire the game.
 B = Kills by you in this place as a percentage of kills by you in the entire game.
 C = Kills by friends in this place as a percentage of kills by friends in the entire game.
 D = Other kills in this place as a percentage of other kills in the entire game.
 E = Experience gained in this place as a percentage of experience gained in the entire game.
 F = Experience gained in this place divided by the number of levels of this place that you have seen.
                   A       B       C       D       E      F
               +-------+-------+-------+-------+-------+----------------------
         Total | 100.0 | 100.0 |  -nan |  -nan | 100.0 |  50.0
       Dungeon | 100.0 | 100.0 |  -nan |  -nan | 100.0 |  50.0
               +-------+-------+-------+-------+-------+----------------------
